 Dungeon Crawl Stone Soup version 0.25.1-2-g60ff931df9 (webtiles) character file.

Game seed: 4224494946942757265

149 diana the Slasher (level 5, -3/41 HPs)
             Began as a Demonspawn Gladiator on Sept 15, 2020.
             Slain by Grinder (5 damage)
             ... on level 3 of the Dungeon.
             The game lasted 00:02:52 (2454 turns).

diana the Slasher (Demonspawn Gladiator)            Turns: 2454, Time: 00:02:53

Health: -3/41      AC:  4    Str: 13 (16) XL:     5   Next: 9%
Magic:  5/5        EV: 17    Int:  6 (9)  God:
Gold:   67         SH:  0    Dex: 12 (14) Spells: 4/4 levels left

rFire    + . .     SeeInvis .   a - +0 long sword
rCold    . . .     Gourm    .   (no shield)
rNeg     . . .     Faith    .   b - +0 leather armour
rPois    .         Spirit   .   c - +0 helmet
rElec    .         Reflect  .   (no cloak)
rCorr    .         Harm     .   (no gloves)
MR       .....                  (no boots)
Stlth    +.........             (no amulet)
HPRegen  0.13/turn              k - +4 ring of evasion
MPRegen  0.09/turn              n - ring of wizardry

@: mighty
A: talons 1, fire resistance 1, sturdy frame 2
a: no special abilities


You were on level 3 of the Dungeon.
You were not hungry.

You visited 1 branch of the dungeon, and saw 3 of its levels.

You collected 67 gold pieces.

Inventory:

Hand Weapons
 a - a +0 long sword (weapon)
Missiles
 d - 3 throwing nets (quivered)
Armour
 b - a +0 leather armour (worn)
 c - a +0 helmet (worn)
Jewellery
 k - a +4 ring of evasion (left hand)
 n - a ring of wizardry (right hand)
 p - an uncursed amulet of faith {unknown}
Scrolls
 e - 3 scrolls of enchant armour {unknown}
 g - 4 scrolls of identify {unknown}
 h - a scroll of remove curse {unknown}
 l - a scroll of immolation {unknown}
 m - a scroll of noise {unknown}
Potions
 i - 2 potions of stabbing
 o - 2 potions of degeneration
 q - 2 potions of heal wounds {unknown}
Comestibles
 f - 9 rations


   Skills:
 + Level 3.3 Fighting
 + Level 3.7 Long Blades
 - Level 1.7 Throwing
 + Level 2.2 Armour
 - Level 3.0 Dodging


You had 4 spell levels left.
You didn't know any spells.
Your spell library was empty.

Dungeon Overview and Level Annotations

Branches:
Dungeon (3/15)

Altars:

Annotations:
D:3 Grinder


Innate Abilities, Weirdness & Mutations

You have sharp toenails.
Your flesh is heat resistant. (rF+)
Your movements are less encumbered by armour. (ER -4)


Message History

There was something very wrong with that liquid.
You feel weakened.
You feel dopey.
You feel clumsy.
Grinder says, "I used to sell toenails on the black market."
Grinder gestures at you.
You suddenly lose the ability to move!
Grinder hits you.
You writhe in agony.
Grinder hits you. Grinder gestures at you.
You shrug off the repeated paralysis!
Grinder hits you!
* * * LOW HITPOINT WARNING * * *
You writhe in agony.
* * * LOW HITPOINT WARNING * * *
You can move again.
Unknown command.
Unknown command.
It was a potion of might.
You feel very mighty all of a sudden. Grinder hits you.
You die...

#########
#........
#....$...
#........
#######........
......5=.......
######@.......
#.............
#.#######...#.
#.# ..# #.. #.#
.# #.# #.# ..
#.# #.# . #.#
#.#
#.##+######.#


You could see Grinder.

Vanquished Creatures
  An orc wizard (D:2)
  4 adders
  A howler monkey skeleton (D:2)
  6 worms
  A dart slug (D:2)
  3 leopard geckos
  4 orcs
  2 giant cockroaches
  4 goblins
  7 hobgoblins
  11 kobolds
  2 bats
  3 frilled lizards
  8 rats
57 creatures vanquished.

Notes
Turn   | Place    | Note
-------+----------+-------------------------------------------
     0 | D:1      | diana the Demonspawn Gladiator began the quest for the Orb.
     0 | D:1      | Reached XP level 1. HP: 16/16 MP: 1/1
   412 | D:1      | Gained mutation: Your movements are slightly less
                  | encumbered by armour. (ER -2) [demonic ancestry]
   412 | D:1      | Reached XP level 2. HP: 21/22 MP: 2/2
  1082 | D:2      | Reached skill level 1 in Armour
  1082 | D:2      | Gained mutation: You have sharp toenails. [demonic
                  | ancestry]
  1082 | D:2      | Reached XP level 3. HP: 20/28 MP: 3/3
  1325 | D:2      | Gained mutation: Your flesh is heat resistant. (rF+)
                  | [demonic ancestry]
  1325 | D:2      | Reached XP level 4. HP: 12/34 MP: 4/4
  2296 | D:3      | Gained mutation: Your movements are less encumbered by
                  | armour. (ER -4) [demonic ancestry]
  2296 | D:3      | Reached XP level 5. HP: 37/41 MP: 5/5
  2444 | D:3      | Noticed Grinder
  2449 | D:3      | Paralysed by Grinder for 5 turns
  2453 | D:3      | HP: 2/41 [Grinder (5)]
  2454 | D:3      | Slain by Grinder

Illustrated notes

Levels and vault maps discovered:
D:1:      tarquinn_simple_flora_water_a, layout_basic
D:2:      layout_rooms, first_ration
D:3:      layout_basic, chequers_ecumenical_altar_simple, fedhas_altar_3,
          uniq_grinder

Skill      XL: |  1  2  3  4 |
---------------+-------------+-----
Long Blades    | 3 |  3.7
Dodging        | 3 |  3.0
Armour         | 1 2 |  2.2
Fighting       | 3 |  3.3
Throwing       | |  1.7

Action                   |  1- 3 |  4- 6 || total
-------------------------+-------+-------++-------
Melee: Long sword        |    84 |    61 ||   145
       Kick              |     9 |    25 ||    34
  Use: Potion            |       |     3 ||     3
  Eat: Chunk             |     1 |     4 ||     5
Armor: Leather armour    |    17 |    12 ||    29
Dodge: Dodged            |    89 |    65 ||   154
       Rpst.: Long sword |    33 |    19 ||    52
